 Dungeon Crawl Stone Soup version 0.17-a0-2127-g1cb09f6 (webtiles) character file.

148546 nubinia the Thaumaturge (level 16, 0/127 HPs)
             Began as a White Draconian Conjurer on Oct 18, 2015.
             Was the Champion of Vehumet.
             Slain by a harpy (15 damage)
             ... summoned by Kirke
             ... on level 4 of the Lair of Beasts on Oct 22, 2015.
             The game lasted 04:47:58 (31113 turns).

nubinia the Thaumaturge (White Draconian Conjurer) Turns: 31113, Time: 04:47:58

Health: 0/127      AC:  0    Str: 12    XL:     16   Next: 64%
Magic:  31/31      EV: 21    Int: 19    God:    Vehumet [******]
Gold:   1844       SH:  0    Dex: 14    Spells: 11 memorised, 2 levels left

rFire  . . .     SeeInvis .     (weapon currently unavailable)
rCold  . . .     Clarity  .     (armour unavailable)
rNeg   . . .     SustAt   .     (shield currently unavailable)
rPois  .         Gourm    +     (helmet currently unavailable)
rElec  .         Spirit   .     (cloak currently unavailable)
rCorr  .         Warding  .     (gloves currently unavailable)
rMut   .         Stasis   .     (boots currently unavailable)
MR     +....                    t - amulet of the gourmand
Stlth  +++.......               (ring currently unavailable)
                                (ring currently unavailable)

@: pig-form, very quick, somewhat resistant to hostile enchantments, fairly
stealthy
A: (breathe frost), unfitting armour, (cold resistance 0), (cold-blooded), AC +9
a: Renounce Religion
}: 1/15 runes: decaying


You were on level 4 of the Lair of Beasts.
You worshipped Vehumet.
Vehumet was exalted by your worship.
You were very full.
You were a filthy swine.
You visited 5 branches of the dungeon, and saw 23 of its levels.
You also visited: Labyrinth, Ossuary and Ice Cave.

You collected 1844 gold pieces.

Inventory:

Hand Weapons
 a - the +5 whip of Tiec Wae (melded) {venom, rC++ rN+ Str-3 Dex+2}
   (You found it on level 4 of the Dungeon)

   It poisons the flesh of those it strikes.
   It affects your strength (-3).
   It affects your dexterity (+2).
   It greatly protects you from cold.
   It protects you from negative energy.
 b - a +0 blowgun
Missiles
 s - 8 curare-tipped needles
Armour
 k - a +1 pair of gloves
 A - a +0 cloak (melded)
 E - a +0 buckler (melded)
 V - a +2 pair of boots of flying (melded)
 W - a +2 pair of gloves of dexterity (melded)
Magical Staves
 h - an uncursed staff of air
Jewellery
 e - an uncursed amulet of resist corrosion
 j - an uncursed ring of wizardry
 n - an uncursed ring of teleportation
 p - an uncursed ring of ice
 t - an amulet of the gourmand (around neck)
 w - an uncursed ring of protection from fire
 C - a ring of poison resistance (melded)
 T - a ring of magical power (melded)
Wands
 g - a wand of cold (1)
 i - a wand of draining (2)
 q - a wand of lightning (6)
 r - a wand of invisibility (5)
 x - a wand of disintegration (17)
 N - a wand of cold (9)
 X - a wand of fire (3)
Scrolls
 y - 9 scrolls of remove curse
 D - 7 scrolls of fear
 F - 7 scrolls of teleportation
 G - a scroll of magic mapping
 K - 3 scrolls of fog
 O - 3 scrolls of holy word
 Q - 6 scrolls of identify
 U - a scroll of recharging
Potions
 c - 8 potions of curing
 d - 6 potions of brilliance
 m - a potion of resistance
 z - 9 potions of might
 H - a potion of cancellation
 I - a potion of magic
 M - a potion of agility
 P - 3 potions of berserk rage
Miscellaneous
 L - a phial of floods
 R - a sack of spiders {used: 4}
 Y - a sack of spiders
Comestibles
 f - a slice of pizza


   Skills:
 + Level 7.8 Fighting
   Level 1.0 Short Blades
 - Level 7.8 Maces & Flails
 - Level 2.0 Throwing
 + Level 10.6 Dodging
 + Level 9.1 Stealth
 + Level 5.7 Shields
 + Level 11.7 Spellcasting
 + Level 11.4 Conjurations
 - Level 5.1 Hexes
 - Level 8.5 Charms
 + Level 6.6 Necromancy
 * Level 10.9 Ice Magic
 + Level 6.0 Air Magic
 + Level 2.3 Evocations


You had 2 spell levels left.
You knew the following spells:

 Your Spells              Type           Power        Failure   Level  Hunger
a - Magic Dart            Conj           ####         1%          1    None
b - Dazzling Spray        Conj/Hex       #####...     1%          3    None
c - Iskenderun's Mystic   Conj           ######..     1%          4    ##.....
f - Freezing Cloud        Conj/Ice/Air   #####.....   7%          6    ######.
g - Shroud of Golubria    Chrm/Tloc      ####......   1%          2    None
i - Iskenderun's Battles  Conj/Chrm      #####...     1%          5    ####...
r - Regeneration          Chrm/Necr      #####.....   1%          3    None
C - Control Undead        Necr           #####.....   4%          4    ##.....
D - Animate Dead          Necr           N/A          4%          4    ##.....
S - Animate Skeleton      Necr           N/A          1%          1    None
V - Vampiric Draining     Necr           #####.....   1%          3    None


Dungeon Overview and Level Annotations

Branches:
Dungeon (9/15)             Temple (1/1) D:5            Lair (8/8) D:9
  Swamp (4/4) Lair:3        Snake (1/4) Lair:4        Slime (0/6) Lair:8
    Orc (0/4) D:9

Altars:
Ashenzari
Cheibriados
Dithmenos
Elyvilon
Fedhas
Gozag
Kikubaaqudgha
Makhleb
Nemelex Xobeh
Okawaru
Qazlal
Ru
Sif Muna
Trog
Vehumet
Xom
Yredelemnul
Zin
The Shining One
Jiyva

Shops:
D:4 }   D:8 !   D:9 *

Annotations:
Lair:4 Kirke
Snake:1 Asterion


Innate Abilities, Weirdness & Mutations

((You can breathe waves of freezing cold.))
((You can buffet flying creatures when you breathe cold.))
((Your icy white scales are hard (AC +9).))
Your body does not fit into most forms of armour.
((Your flesh is cold resistant.))
((You are cold-blooded and may be slowed by cold attacks.))


Message History

The hog bites the plant but does no damage.
The harpy claws the plant. x2
The harpy barely misses you. x2
The hog bites the plant but does no damage.
The harpy claws you!!
* * * LOW HITPOINT WARNING * * *
The harpy closely misses you. x2
The harpy completely misses you.
Drink which item? (? for menu, Esc to quit)
You feel much better. The harpy barely misses you.
The harpy completely misses you. The harpy claws you!
* * * LOW HITPOINT WARNING * * *
The harpy barely misses you. The harpy completely misses you.
The harpy misses you.
The harpy screeches!
The harpy claws you.
* * * LOW HITPOINT WARNING * * *
The harpy closely misses you. The harpy claws you!
You die...

.........## .........#
........## #########
##.....## #.....P.##
#.#...######P.......####
###P..# #.#...P#....#..##
#...####...##.h.......#
#...P##P..####HH..#...#
##...##..#####h...#...# #
##...##...##......#...##
###P..###...#.P.....PP...#
......Z)##..........PP.>##
##....k)H...##.PP...#...P##
###P.).....####...........##
#.[..H.#.# ###..#.......#
#P..#...### ##..#.#.....##
##..###....# #....##.....##


You could see 2 harpies and a hog.

Vanquished Creatures
  Nikola (Snake:1)
  Donald (Swamp:2)
  Aizul (Swamp:3)
  A minotaur (Lab)
  A fire dragon (Swamp:4)
  Harold (Lair:4)
  An ice dragon (Lair:3)
  A naga warrior (Lair:4)
  16 hydras
  An anaconda (Snake:1)
  4 catoblepae
  6 death yaks
  9 alligators
  2 naga sharpshooters (Snake:1)
  2 sea snakes (Lair:4)
  A spriggan druid (Swamp:3)
  2 ice statues
  3 griffons
  8 black mambas
  11 elephants
  Joseph (D:7)
  A naga mage (Lair:4)
  17 spiny frogs
  Psyche (Lair:3)
  A torpor snail (Lair:7)
  A guardian serpent (Lair:4)
  6 komodo dragons
  2 trolls (D:9)
  2 fire drakes
  3 polar bears (Lair:3)
  10 giant leeches
  Prince Ribbit (D:7)
  2 bog bodies
  20 blink frogs
  9 slime creatures
  6 spriggans
  46 yaks
  3 shadows
  3 hogs (Lair:4)
  5 humans
  2 hungry ghosts
  11 vampire mosquitoes
  2 basilisks
  9 wyverns
  7 hippogriffs
  A steam dragon (Swamp:4)
  14 wolves
  9 swamp worms
  17 insubstantial wisps
  A mottled dragon (Swamp:4)
  4 nagas (Snake:1)
  21 water moccasins
  10 porcupines
  8 wasps
  6 orc warriors
  7 swamp drakes
  2 sky beasts
  An ogre (D:9)
  A phantom (D:9)
  13 ice beasts
  2 centaurs
  18 crocodiles
  Blork the orc (D:5)
  An elf zombie (Ossuary)
  A gnoll sergeant (D:5)
  12 giant frogs
  A quasit (D:7)
  9 wights (D:9)
  2 crimson imps
  A giant frog zombie (D:8)
  2 electric eels (Snake:1)
  The ghost of kosy22 the Caller, a weakling TeSu (D:4)
  A human zombie (Ossuary)
  3 centaur zombies
  6 orc wizards
  6 hounds
  A giant frog skeleton (D:6)
  4 orc priests
  Terence (D:2)
  13 iguanas
  4 worker ants
  A killer bee zombie (D:9)
  11 sheep
  A big kobold zombie (Ossuary)
  2 hound zombies (Ossuary)
  A hound skeleton (D:5)
  3 mummies (Ossuary)
  A worker ant zombie (D:5)
  9 gnolls
  13 adders
  64 river rats
  4 white imps (Lair:3)
  A shadow imp (D:5)
  2 oozes (D:1)
  An adder skeleton (D:7)
  5 adder zombies
  5 giant geckos
  35 orcs
  5 ball pythons
  7 goblins
  8 hobgoblins
  5 jackals
  11 kobolds
  6 quokkas
  7 bats
  5 giant cockroaches
  10 giant newts
  A gnoll zombie (Ossuary)
  3 goblin zombies (Ossuary)
  4 hobgoblin zombies (Ossuary)
  2 jackal zombies (Ossuary)
  3 kobold zombies (Ossuary)
  An orc zombie (Ossuary)
  5 quokka zombies (Ossuary)
  12 rats
  2 rat zombies (Ossuary)
  2 fungi (Lair:6)
  2 plants (Lair:8)
709 creatures vanquished.

Vanquished Creatures (collateral kills)
  2 thorn hunters
  2 fire dragons (Swamp:4)
  6 hydras
  A catoblepas (Lair:8)
  2 alligators
  An anaconda (Snake:1)
  12 death yaks
  A fire crab (Swamp:4)
  5 swamp dragons
  A sea snake (Lair:4)
  A shambling mangrove (Swamp:1)
  A salamander (Snake:1)
  7 black mambas
  6 elephants
  7 spiny frogs
  5 komodo dragons
  A fire drake (Swamp:4)
  A polar bear (Lair:3)
  A giant leech (Swamp:4)
  A slime creature (Swamp:3)
  4 blink frogs
  3 bog bodies
  2 boulder beetles
  12 yaks
  A shadow (Swamp:3)
  A basilisk (Lair:8)
  6 vampire mosquitoes
  3 wyverns
  2 mottled dragons (Swamp:4)
  A steam dragon (Swamp:4)
  4 hippogriffs
  7 swamp worms
  2 wolves (Lair:2)
  Edmund (Lair:3)
  2 nagas (Lair:4)
  7 water moccasins
  4 swamp drakes
  5 crocodiles
  4 giant frogs
  3 sheep
  14 river rats
  7 fungi
  2 plants (Lair:6)
161 creatures vanquished.

Vanquished Creatures (others)
  A swamp dragon (Swamp:4)
  2 lindwurms (Swamp:4)
  A fire drake (Swamp:4)
  27 fungi
  7 plants
38 creatures vanquished.

Grand Total: 908 creatures vanquished

Notes
Turn   | Place    | Note
--------------------------------------------------------------
     0 | D:1      | nubinia the Draconian Conjurer began the quest for the Orb.
     0 | D:1      | Reached XP level 1. HP: 14/14 MP: 3/3
   244 | D:1      | Reached XP level 2. HP: 20/20 MP: 1/5
   799 | D:1      | Reached XP level 3. HP: 26/26 MP: 3/6
   804 | D:1      | Learned a level 3 spell: Dazzling Spray
  1821 | D:2      | Reached skill level 5 in Conjurations
  1914 | D:2      | Reached XP level 4. HP: 26/33 MP: 1/7
  2070 | D:2      | Found a glowing golden altar of the Shining One.
  2072 | D:2      | Noticed Terence
  2882 | D:2      | Found a burning altar of Makhleb.
  2882 | D:2      | Noticed a blizzard demon
  2885 | D:2      | Noticed a ynoxinul
  2885 | D:2      | Noticed a smoke demon
  2974 | D:3      | Found an opulent altar of Gozag.
  3516 | D:3      | Reached XP level 5. HP: 39/39 MP: 5/9
  3564 | D:3      | Found a snail-covered altar of Cheibriados.
  3826 | D:2      | Killed Terence
  3826 | D:2      | Reached skill level 1 in Fighting
  3858 | D:3      | Found a stormy altar of Qazlal.
  4470 | D:4      | Reached XP level 6. HP: 27/47 MP: 3/10
  4775 | D:4      | Got a crystal whip
  4791 | D:4      | Reached skill level 1 in Short Blades
  4869 | D:4      | Identified the +5 whip of Tiec Wae {venom, rC++ rN+ Str-3 Dex+2} (You found it on level 4 of the Dungeon)
  4981 | D:4      | Found a sparkling altar of Nemelex Xobeh.
  5018 | D:4      | Found Eqitol's Gadget Boutique.
  5363 | D:4      | Found a blossoming altar of Fedhas.
  5472 | D:4      | Noticed kosy22's ghost (weakling TeSu)
  5477 | D:4      | Killed kosy22's ghost
  5596 | D:5      | Entered Level 5 of the Dungeon
  5788 | D:5      | Reached skill level 1 in Hexes
  5788 | D:5      | Your scales start taking on an icy white colour.
  5788 | D:5      | Gained mutation: Your flesh is cold resistant. [White Draconian growth]
  5788 | D:5      | Reached XP level 7. HP: 52/52 MP: 3/12
  6102 | D:5      | Found a staircase to the Ecumenical Temple.
  6107 | Temple   | Entered the Ecumenical Temple
  6200 | Temple   | Became a worshipper of Vehumet
  6388 | D:5      | Reached skill level 1 in Maces & Flails
  6394 | D:5      | Learned a level 4 spell: Iskenderun's Mystic Blast
  6400 | D:5      | Learned a level 5 spell: Iskenderun's Battlesphere
  6499 | D:5      | Noticed Blork the orc
  6507 | D:5      | Killed Blork the orc
  6536 | D:5      | Reached skill level 1 in Charms
  7434 | D:6      | Reached XP level 8. HP: 47/61 MP: 1/14
  7465 | D:6      | Reached skill level 6 in Conjurations
  8145 | D:7      | Noticed Prince Ribbit
  8171 | D:7      | Killed Prince Ribbit
  8346 | D:7      | Reached skill level 5 in Spellcasting
  8420 | D:7      | Noticed Joseph
  8435 | D:7      | Killed Joseph
  8435 | D:7      | Reached skill level 1 in Throwing
  8457 | D:7      | Reached XP level 9. HP: 33/69 MP: 5/16
  8560 | D:7      | Reached * piety under Vehumet
  8560 | D:7      | Offered knowledge of Flame Tongue by Vehumet.
  9245 | D:8      | Found a sand-covered staircase.
  9301 | Ossuary  | Entered an ossuary
  9413 | Ossuary  | Reached skill level 1 in Shields
  9452 | Ossuary  | Reached skill level 5 in Dodging
  9478 | Ossuary  | Reached ** piety under Vehumet
  9518 | Ossuary  | Offered knowledge of Shock by Vehumet.
  9783 | D:8      | Found Zutax's Distillery.
 10435 | D:9      | Offered knowledge of Ignite Poison by Vehumet.
 10707 | D:9      | Found a deep blue altar of Sif Muna.
 10887 | D:9      | Reached skill level 7 in Conjurations
 10910 | D:9      | Reached *** piety under Vehumet
 10955 | D:9      | Found a staircase to the Lair.
 11061 | D:9      | Found Nossam's General Store.
 11270 | D:9      | Reached XP level 10. HP: 80/80 MP: 16/18
 11500 | D:9      | Offered knowledge of Static Discharge by Vehumet.
 11500 | D:9      | Reached skill level 5 in Charms
 11957 | D:9      | Found a staircase to the Orcish Mines.
 12064 | Lair:1   | Entered Level 1 of the Lair of Beasts
 12093 | Lair:1   | Reached skill level 5 in Stealth
 12187 | Lair:1   | Found a labyrinth entrance.
 12196 | Lab      | Entered a labyrinth
 12673 | Lab      | Found an exit through the horrors of the Abyss.
 12715 | Lab      | Noticed a minotaur
 12798 | Lab      | Killed a minotaur
 12826 | Lab      | Upgraded the game from 0.17-a0-2101-g0c122e7 to 0.17-a0-2109-g117576f
 12834 | Lab      | Noticed radek's ghost (novice DECj)
 13143 | Lair:1   | Reached skill level 8 in Conjurations
 13278 | Lair:1   | Reached **** piety under Vehumet
 13278 | Lair:1   | Reached XP level 11. HP: 85/85 MP: 7/21
 13449 | Lair:1   | Learned a level 1 spell: Animate Skeleton
 13627 | Lair:2   | Offered knowledge of Bolt of Magma by Vehumet.
 13664 | Lair:2   | Noticed a seven-headed hydra
 13677 | Lair:2   | Killed a seven-headed hydra
 13988 | Lair:2   | Reached skill level 5 in Fighting
 14329 | Lair:2   | Reached skill level 1 in Necromancy
 14928 | Lair:2   | Reached ***** piety under Vehumet
 14928 | Lair:2   | Offered knowledge of Poisonous Cloud by Vehumet.
 15345 | Lair:3   | Found a staircase to the Swamp.
 15663 | Lair:3   | Noticed an ice dragon
 15674 | Lair:3   | Reached XP level 12. HP: 89/94 MP: 5/24
 15734 | Lair:3   | Noticed a six-headed hydra
 15734 | Lair:3   | Reached skill level 5 in Maces & Flails
 15734 | Lair:3   | Reached skill level 9 in Conjurations
 15904 | Lair:3   | Noticed Edmund
 15922 | Lair:3   | Killed Edmund
 15969 | Lair:3   | Noticed Psyche
 15974 | Lair:3   | Killed Psyche
 16035 | Lair:3   | Noticed an ice statue
 16047 | Lair:3   | Your ally Psyche died
 16086 | Lair:3   | Killed an ice statue
 16155 | Lair:3   | Learned a level 3 spell: Regeneration
 16159 | Lair:3   | Learned a level 3 spell: Vampiric Draining
 16395 | Lair:3   | Killed a six-headed hydra
 16564 | Lair:3   | Killed an ice dragon
 16718 | Lair:4   | Offered knowledge of Ozocubu's Refrigeration by Vehumet.
 16726 | Lair:4   | Learned a level 6 spell: Ozocubu's Refrigeration
 16743 | Lair:4   | Found a frozen archway.
 16761 | IceCv    | Entered an ice cave
 16789 | IceCv    | Reached skill level 1 in Ice Magic
 17246 | Lair:4   | Noticed Harold
 17283 | Lair:4   | Killed Harold
 17596 | Lair:4   | Found a staircase to the Snake Pit.
 18140 | Lair:5   | Reached XP level 13. HP: 90/102 MP: 26/26
 18213 | Lair:5   | Noticed a four-headed hydra
 18700 | Lair:5   | Noticed a five-headed hydra
 18721 | Lair:5   | Killed a five-headed hydra
 18721 | Lair:5   | Reached skill level 5 in Ice Magic
 18814 | Lair:5   | Killed a four-headed hydra
 19167 | Lair:5   | Offered knowledge of Venom Bolt by Vehumet.
 19793 | Lair:6   | Reached XP level 14. HP: 108/111 MP: 21/27
 20636 | Lair:7   | Reached skill level 10 in Conjurations
 21065 | Lair:7   | Learned a level 4 spell: Animate Dead
 21558 | Lair:7   | Offered knowledge of Conjure Ball Lightning by Vehumet.
 22010 | Lair:8   | Entered Level 8 of the Lair of Beasts
 22099 | Lair:8   | Found a viscous altar of Jiyva.
 22112 | Lair:8   | Found a staircase to the Slime Pits.
 22295 | Lair:8   | Reached skill level 10 in Spellcasting
 22333 | Lair:8   | Reached XP level 15. HP: 20/118 MP: 6/29
 23246 | Lair:7   | Upgraded the game from 0.17-a0-2109-g117576f to 0.17-a0-2118-g63bad21
 23512 | Lair:7   | Reached skill level 5 in Shields
 24463 | Lair:8   | Offered knowledge of Delayed Fireball by Vehumet.
 24596 | Lair:8   | Reached skill level 5 in Necromancy
 24871 | Swamp:1  | Entered Level 1 of the Swamp
 25000 | Lair:3   | Learned a level 4 spell: Control Undead
 25760 | Swamp:1  | Reached skill level 10 in Ice Magic
 25810 | Lair:3   | Learned a level 2 spell: Shroud of Golubria
 26148 | Swamp:2  | Reached skill level 10 in Dodging
 26289 | Swamp:2  | Upgraded the game from 0.17-a0-2118-g63bad21 to 0.17-a0-2122-g03d97ec
 26354 | Swamp:2  | Upgraded the game from 0.17-a0-2122-g03d97ec to 0.17-a0-2127-g1cb09f6
 26942 | Swamp:2  | Reached skill level 11 in Conjurations
 27035 | Swamp:3  | Noticed Donald
 27049 | Swamp:2  | Killed Donald
 27148 | Swamp:3  | Offered knowledge of Poison Arrow by Vehumet.
 27148 | Swamp:3  | Reached skill level 5 in Hexes
 27470 | Swamp:3  | Reached ****** piety under Vehumet
 27870 | Swamp:3  | Noticed a thorn hunter
 27887 | Swamp:2  | Your ally Donald died
 28074 | Swamp:3  | Identified the Collected Works on Torrid Confrontation
 28082 | Swamp:3  | Learned a level 6 spell: Freezing Cloud
 28082 | Swamp:3  | Noticed Aizul
 28099 | Swamp:3  | Killed Aizul
 28099 | Swamp:3  | Reached skill level 1 in Air Magic
 28381 | Swamp:3  | Reached XP level 16. HP: 126/126 MP: 31/31
 28478 | Swamp:3  | Killed a thorn hunter
 28746 | Swamp:4  | Entered Level 4 of the Swamp
 28762 | Swamp:3  | Reached skill level 5 in Air Magic
 29194 | Swamp:4  | Got a decaying rune of Zot
 29434 | Swamp:4  | Offered knowledge of Orb of Destruction by Vehumet.
 29911 | Snake:1  | Entered Level 1 of the Snake Pit
 30243 | Snake:1  | Noticed Asterion
 30739 | Snake:1  | Noticed Nikola
 30903 | Snake:1  | Killed Nikola
 30918 | Snake:1  | Noticed Kirke
 31039 | Snake:1  | Your ally Nikola died
 31105 | Lair:4   | HP: 3/127 [harpy[Kirke] (11)]
 31113 | Lair:4   | Slain by a harpy

Vault maps used:
D:1:      lightli_arrival_isolated_outpost, fountainhead, minmay_vboxes
D:2:      makhleb_altar_promises_db, tso_altar, first_bread, uniq_terence
D:3:      cheibriados_altar_wand_db, grunt_qazlal_clouds,
          kennysheep_decorative_pillar, grunt_gozag_statues
D:4:      overflow_temple_1_default, kennysheep_little_box, serial_shops, shop
D:5:      temple_doors_e, minmay_misc_feat_pillars,
          minmay_misc_feat_four_crosses, dk_rats_in_the_wall, uniq_blork_the_orc
D:6:      serial_co_window_serial, co_window_paths_b, co_window_paths_b,
          co_window_corner_a, co_window_paths_b, co_window_corner_a,
          co_window_paths_b, co_window_2corner, co_window_broadway_a,
          co_window_unsneaky_path_c, co_window_unsneaky_path_a,
          co_window_broadway_b, co_window_unsneaky_path_c, co_window_paths_e
D:7:      uniq_prince_ribbit1, uniq_joseph
D:8:      enter_ossuary_1, serial_shops, shop
D:9:      overflow_temple_1_default, lair_0_dummy, david_orc_4, serial_shops,
          nicolae_shop_competitors_out_of_business
Temple:   circular_temple_12
Lair:1:   lab_entry_generic
Lair:2:   beast_lair_carwin_9
Lair:3:   erik_1, minmay_swamp_entry_wisps, ice2_lemuel
Lair:4:   minmay_snake_entry_six_corridors, portal_ice_cave_entry_pillars_02,
          grunt_forest_large_clearings, uniq_harold
Lair:5:   beast_lair_carwin_7, grunt_megastairs_3
Lair:6:   beast_lair_carwin_1
Lair:7:   grunt_megastairs_2, serial_bayou_shore_b
Lair:8:   evilmike_catoblepas_cave, slime_altar_1
Swamp:1:  evilmike_swamp_ruin_house_1
Swamp:2:  evilmike_swamp_ruin_house_2
Swamp:3:  evilmike_swamp_ruin_house_5, infiniplex_staircase_pool, uniq_donald,
          uniq_aizul
Swamp:4:  swamp_fiery
Snake:1:  serial_bayou_shore_b, serial_bayou_shore_b, uniq_nikola,
          uniq_asterion, uniq_kirke
Lab:      labyrinth_skeletal_remains, nicolae_lab_flowing_pool
Ossuary:  minmay_ossuary_two_tombs
IceCv:    ice_cave_statue_garden_02

Action                   |  1- 3 |  4- 6 |  7- 9 | 10-12 | 13-15 | 16-18 || total
-------------------------+-------+-------+-------+-------+-------+-------++-------
Melee: Short sword       |    73 |    54 |       |       |       |       ||   127
       Unarmed           |     3 |       |       |       |       |     8 ||    11
       Whip              |       |    35 |   391 |   544 |  1033 |   180 ||  2183
 Fire: Blowgun           |       |     8 |     7 |    11 |       |       ||    26
 Cast: Magic Dart        |    63 |   116 |   168 |   182 |   198 |    60 ||   787
       Dazzling Spray    |       |    16 |    39 |   131 |   266 |    58 ||   510
       Iskenderun's Batt |       |       |     2 |    70 |    91 |    26 ||   189
       Iskenderun's Myst |       |       |       |     2 |     8 |     6 ||    16
       Animate Skeleton  |       |       |       |    59 |    77 |     5 ||   141
       Ozocubu's Refrige |       |       |       |       |     1 |       ||     1
       Animate Dead      |       |       |       |       |    41 |    32 ||    73
       Vampiric Draining |       |       |       |       |    20 |     6 ||    26
       Shroud of Golubri |       |       |       |       |     6 |    14 ||    20
       Control Undead    |       |       |       |       |     5 |     4 ||     9
       Regeneration      |       |       |       |       |     1 |     5 ||     6
       Freezing Cloud    |       |       |       |       |       |     3 ||     3
 Abil: Breathe Frost     |       |       |     3 |     5 |    13 |    12 ||    33
       Evoke Teleportati |       |       |       |     2 |       |       ||     2
       Evoke Flight      |       |       |       |       |     1 |       ||     1
Evoke: Wand              |       |       |       |     1 |     4 |     6 ||    11
       Phial of floods   |       |       |       |     1 |     2 |     1 ||     4
       Sack of spiders   |       |       |       |       |       |     6 ||     6
  Use: Scroll            |       |    16 |     6 |    12 |     9 |     5 ||    48
       Potion            |       |     2 |     3 |     4 |     3 |     2 ||    14
 Stab: Sleeping          |     3 |     3 |     3 |     8 |     7 |       ||    24
       Invisible         |       |     6 |    13 |    33 |    54 |    14 ||   120
       Distracted        |       |       |       |     4 |    11 |     5 ||    20
       Confused          |       |       |       |       |       |     1 ||     1
  Eat: Chunk             |     4 |    14 |    20 |    41 |    62 |    19 ||   160
       Beef jerky        |       |       |     2 |       |     3 |       ||     5
       Fruit             |       |       |     3 |     2 |     2 |       ||     7
       Pizza             |       |       |       |     2 |     2 |       ||     4
